 Dungeon Crawl Stone Soup version 0.31.0-9-g3a7656b989 (webtiles) character file.

Game seed: 1586028345060452204

42 H0rd4k the Charlatan (level 3, -1/28 HPs)
             Began as a Human Artificer on Feb 2, 2024.
             Slain by a cerulean imp
             ... wielding a +0 spear
             ... summoned by Natasha
              (4 damage)
             ... on level 3 of the Dungeon.
             The game lasted 00:01:16 (1559 turns).

H0rd4k the Charlatan (Human Artificer)              Turns: 1559, Time: 00:01:18

Health: -1/28      AC:  3    Str: 12    XL:     3   Next: 56%
Magic:  3/3        EV: 11    Int: 13    God:
Gold:   55         SH:  0    Dex: 13    Spells: 2/2 levels left

rFire   . . .        f - +2 short sword (venom)
rCold   . . .        (no shield)
rNeg    . . .        b - +0 leather armour
rPois   .            (no helmet)
rElec   .            (no cloak)
rCorr   .            (no gloves)
SInv    .            (no boots)
Will    .....        (no amulet)
Stlth   +            (no ring)
HPRegen 0.24/turn    (no ring)
MPRegen 0.08/turn

%: no passive effects
@: slowed, very slow
A: explore regen
a: no special abilities


You were on level 3 of the Dungeon.
You visited 1 branch of the dungeon, and saw 3 of its levels.

You collected 55 gold pieces.

Inventory:

Hand Weapons
 f - a +2 short sword of venom (weapon)
Missiles
 l - a throwing net
 o - 6 poisoned darts
Armour
 b - a +0 leather armour (worn)
Magical Staves
 p - a staff of alchemy
Jewellery
 k - an amulet of regeneration
 n - an amulet of the acrobat
Talismans
 m - a beast talisman
Wands
 c - a wand of flame (13) (quivered)
 d - a wand of charming (15)
 e - a wand of iceblast (5)
Scrolls
 g - 2 scrolls of identify {unknown}
 i - a scroll of noise {unknown}
Potions
 a - a potion of attraction {unknown}
 h - a potion of invisibility {unknown}
 j - a potion of degeneration {unknown}


   Skills:
 + Level 2.7 Fighting
 + Level 1.5 Short Blades
 - Level 2.0 Armour
 - Level 1.0 Dodging
 - Level 1.0 Stealth
 - Level 3.0 Evocations


You had 2 spell levels left.
You didn't know any spells.
Your spell library was empty.

Dungeon Overview and Level Annotations

Branches:
Dungeon (3/15)

Altars:

Annotations:
D:3 Natasha


Innate Abilities, Weirdness & Mutations

You regain HP and MP as you explore.


Message History

Natasha casts a spell at you.
You feel yourself slow down.
You kill the cerulean imp!
The cerulean imp disappears in a puff of smoke!
Natasha attacks as she pursues you! Natasha closely misses you.
Natasha mumbles some strange words.
The kobold throws a stone.
The stone completely misses you.
You hit Natasha.
Natasha is poisoned.
Natasha is moderately wounded.
Natasha claws you!
You completely miss Natasha.
Natasha is severely wounded.
Natasha mumbles some strange words.
Natasha casts a spell at you. You resist with significant effort.
You barely miss Natasha.
Natasha is severely wounded.
The cerulean imp closely misses you.
The cerulean imp hits you but does no damage.
Natasha barely misses you. The cerulean imp barely misses you.
Unknown command.
You miss Natasha.
Natasha is severely wounded.
The cerulean imp hits you with a +0 spear.
* * * LOW HITPOINT WARNING * * *
Natasha casts a spell.
The cerulean imp hits you from afar with a +0 spear.
* * * LOW HITPOINT WARNING * * *
Aiming: Throw Flame
Press: ? - help, Shift-Dir - straight line, f - Natasha
Aim: Natasha (severely wounded, very poisoned, 64% to hit)
The puff of flame misses Natasha.
The puff of flame hits the kobold.
You kill the kobold!
The cerulean imp barely misses you. Natasha misses you.
The cerulean imp hits you but does no damage.
The cerulean imp hits you with a +0 spear.
* * * LOW HITPOINT WARNING * * *
Natasha stares at you and mumbles some strange words.
You feel as though you will be slow longer.
The cerulean imp hits you from afar with a +0 spear.
You die...

..#. ..#..
... ....
#.. ..#
#.####..#
#....>..#
#..<...####
#.###55...#
# #h###.#
#@# ..
#....5..# #
#####.....#
#######


You could see Natasha (very poisoned) and 3 cerulean imps.

Vanquished Creatures
  2 adders (D:2)
  3 ball pythons (D:1)
  3 bats (D:1)
  5 endoplasms
  A giant cockroach (D:2)
  3 hobgoblins
  2 kobolds
  2 frilled lizards (D:1)
  A goblin (D:1)
  4 rats
26 creatures vanquished.

Notes
Turn   | Place    | Note
-------+----------+-------------------------------------------
     0 | D:1      | H0rd4k the Human Artificer began the quest for the Orb.
     0 | D:1      | Reached XP level 1. HP: 15/15 MP: 1/1
    98 | D:1      | Reached XP level 2. HP: 16/22 MP: 2/2
   989 | D:2      | Reached skill level 1 in Short Blades
   989 | D:2      | Reached XP level 3. HP: 17/28 MP: 3/3
  1546 | D:3      | Noticed Natasha
  1559 | D:3      | Slain by a cerulean imp

Illustrated notes

Levels and vault maps discovered:
D:1:      dpeg_arrival_connections, layout_loops_ring
D:2:      layout_basic
D:3:      layout_loops_cross, nicolae_tso_carved_into_rock, serial_shops,
          nicolae_shop_rolled_up, nicolae_shop_overgrown_old_shop, shop,
          uniq_natasha

Skill      XL: |  1  2 |
---------------+-------+-----
Fighting       | 2 |  2.7
Short Blades   | 1 |  1.5
Armour         | |  2.0
Dodging        | |  1.0
Stealth        | |  1.0
Evocations     | |  3.0

Action                     || total
---------------------------++-------
  Melee: Club              ||    42
         Short sword       ||    44
         Punch             ||     1
  Evoke: Wand              ||     2
   Stab: Sleeping          ||     1
 Armour: Leather armour    ||    49
  Dodge: Dodged            ||    66
